 Dungeon Crawl Stone Soup version 0.13.1-2-gfb2c2b7 (webtiles) character file.

180 Lilouch the Poker (level 4, -6/34 HPs)
             Began as a Demonspawn Chaos Knight on Dec 9, 2013.
             Was a Plaything of Xom.
             Mangled by an adder (7 damage)
             ... on Level 2 of the Dungeon.
             The game lasted 00:04:39 (1341 turns).

Lilouch the Poker (Demonspawn Chaos Knight)         Turns: 1341, Time: 00:04:39

HP  -6/34        AC  5     Str 13      XL: 4   Next: 10%
MP   4/4         EV 10     Int 13      God: Xom
Gold 106         SH  0     Dex 13      Spells:  0 memorised,  3 levels left

Res.Fire  : . . .   See Invis. : .   a - +0 spear (chaos) {=f}
Res.Cold  : . . .   Warding    : .   b - +2 leather armour
Life Prot.: . . .   Conserve   : .   (no shield)
Res.Poison: .       Res.Corr.  : .   (no helmet)
Res.Elec. : .       Clarity    : .   (no cloak)
Sust.Abil.: . .     Spirit.Shd : .   (no gloves)
Res.Mut.  : .       Stasis     : .   (no boots)
Res.Rott. : .       Flight     : .   (no amulet)
Saprovore : . . .                    (no ring)
                                     (no ring)

@: mildly poisoned, slightly resistant to hostile enchantments, very unstealthy
A: powered by death 1
a: Renounce Religion


You were on level 2 of the Dungeon.
You worshipped Xom.
You were a special plaything of Xom.
You were hungry.

You visited 1 branch of the dungeon, and saw 2 of its levels.

You collected 86 gold pieces.

Inventory:

Hand weapons
 a - a +0,+0 spear of chaos (weapon) {=f}
 j - a cursed -2,-1 spear (quivered)
Missiles
 d - 55 poisoned needles
 f - 22 bolts
Armour
 b - a +2 leather armour (worn)
Comestibles
 c - 2 bread rations
 i - a meat ration
 l - a rotting chunk of bat flesh
Scrolls
 e - 2 scrolls of teleportation {unknown}
 g - a scroll of magic mapping {unknown}
 h - a scroll of remove curse {unknown}
 k - a scroll of curse armour {unknown}
 o - a scroll of enchant weapon I {unknown}
Potions
 p - a potion of heal wounds {unknown}


   Skills:
 - Level 3.0 Fighting
 + Level 3.7 Polearms
 + Level 3.1 Armour
 - Level 0.8 Dodging


You had 3 spell levels left.
You didn't know any spells.

Dungeon Overview and Level Annotations

Branches:
Dungeon (2/27)

Altars:
Xom


Innate Abilities, Weirdness & Mutations

You can steal the life force of nearby defeated enemies.


Message History

* * * LOW HITPOINT WARNING * * *
There is an open door here.
The adder bites you but does no damage. The adder closely misses you.
The adder bites you but does no damage.
* * * LOW HITPOINT WARNING * * *
You feel sick. The adder barely misses you.
* * * LOW HITPOINT WARNING * * *
You feel sick. The adder barely misses you. The adder barely misses you.
Drink which item? (? for menu, Esc to quit)
You feel refreshed.
It was a potion of restore abilities.
Xom roars with laughter!
The adder barely misses you.
Drink which item? (? for menu, Esc to quit)
That liquid tasted very nasty...
You are more poisoned.
It was a potion of poison.
* * * LOW HITPOINT WARNING * * *
You feel sick. The adder bites you!
You die...

#..)....'.#.......# ##.'.......'.
#.......#.#.......###..#.......##
#.......#.#....<..#...##.......#
#########.'...)...#.####.......#
###.......'.# #########
#.......### ####.#### ####.S..##
#.....@..###########
#........+.......<.####
#........#########.....
#........# ###### #........#
#........# ##########


You could see an adder (berserk).

Vanquished Creatures
  3 adders (D:2)
  3 giant geckos
  An ooze (D:2)
  A ball python (D:1)
  5 bats
  3 giant cockroaches (D:1)
  A gnoll (D:1)
  4 hobgoblins
  3 giant newts
  7 goblins
  7 jackals
  A kobold (D:1)
  4 rats (D:1)
43 creatures vanquished.

Vanquished Creatures (others)
  An adder (D:2)
1 creature vanquished.

Grand Total: 44 creatures vanquished

Notes
Turn   | Place    | Note
--------------------------------------------------------------
     0 | D:1      | Lilouch, the Demonspawn Chaos Knight, began the quest for the Orb.
     0 | D:1      | Reached XP level 1. HP: 16/16 MP: 1/1
   274 | D:1      | Gained mutation: You can steal the life force of nearby defeated enemies. [demonic ancestry]
   274 | D:1      | Reached XP level 2. HP: 20/22 MP: 2/2
   663 | D:1      | XOM: scenery: create altars
   887 | D:1      | XOM: divination: detect creatures
   993 | D:2      | XOM: polymorph bat -> adder
   996 | D:2      | Reached XP level 3. HP: 28/28 MP: 3/3
  1031 | D:2      | XOM: noise
  1306 | D:2      | Reached XP level 4. HP: 27/34 MP: 4/4
  1338 | D:2      | HP: 1/34 [poisoned by an adder]
  1341 | D:2      | Mangled by an adder

Action                   |  1- 3 |  4- 6 || total
-------------------------+-------+-------++-------
Melee: Spear             |   149 |    19 ||   168
  Use: Potion            |       |     2 ||     2
 Stab: Paralysed         |     4 |       ||     4
       Confused          |     1 |       ||     1
